 Dungeon Crawl Stone Soup version 0.23-a0-419-g0174fd8 (webtiles) character file.

42 namelastname112 the Skirmisher (level 3, -5/33 HPs)
             Began as a Draconian Wanderer on Nov 12, 2018.
             Slain by a gnoll (8 damage)
             ... on level 2 of the Dungeon.
             The game lasted 00:01:47 (980 turns).

namelastname112 the Skirmisher (Draconian Wanderer)  Turns: 980, Time: 00:01:48

Health: -5/33      AC:  5    Str: 15    XL:     3   Next: 33%
Magic:  3/3        EV: 11    Int: 13    God:
Gold:   25         SH:  0    Dex:  9    Spells: 2/2 levels left

rFire    . . .     SeeInvis .   a - +2 hand axe
rCold    . . .     Gourm    .   (no shield)
rNeg     . . .     Faith    .   (armour unavailable)
rPois    .         Spirit   .   (helmet restricted)
rElec    .         Reflect  .   (no cloak)
rCorr    .         Harm     .   (no gloves)
MR       .....                  (no boots)
Stlth    +.........             (no amulet)
HPRegen  0.11/turn              (no ring)
MPRegen  0.08/turn              (no ring)

@: no status effects
A: unfitting armour, low mp 1, mutation resistance 1, cold-blooded, AC +5
a: no special abilities


You were on level 2 of the Dungeon.
You were not hungry.

You visited 1 branch of the dungeon, and saw 2 of its levels.

You collected 25 gold pieces.

Inventory:

Hand Weapons
 a - a +2 hand axe (weapon)
Scrolls
 e - a scroll of teleportation {unknown}
Comestibles
 d - 4 rations


   Skills:
 + Level 3.7 Fighting
 * Level 3.0 Axes
 + Level 1.1 Dodging
 - Level 1.0 Stealth
   Level 2.0 Transmutations
   Level 1.0 Ice Magic
   Level 1.0 Evocations


You had 2 spell levels left.
You didn't know any spells.
Your spell library was empty.

Dungeon Overview and Level Annotations

Branches:
Dungeon (2/15)

Altars:


Innate Abilities, Weirdness & Mutations

Your plain brown scales are hard. (AC +5)
You cannot fit into any form of body armour.
You are cold-blooded and may be slowed by cold attacks.
Your magical capacity is low. (-10% MP)
You are somewhat resistant to further mutation.


Message History

* * * don't die
* * * The gnoll hits you but does no damage!
The gnoll hits you with a +0 club! * * * don't die
* * * You take 7 damage, and have 4/33 hp!
MASSIVE DAMAGE!!!!!!
You feel better! The gnoll closely misses you! The gnoll barely misses you! x2
You regained 6 hp, and now have 10/33 hp!
You chop the gnoll into pieces!
The gnoll is almost dead!
You carve the gnoll but do no damage! You cut the gnoll into ribbons!
The gnoll barely misses you!
The gnoll hits you with a +0 whip! * * * don't die
* * * The gnoll hits you but does no damage!
You take 2 damage, and have 8/33 hp!
You closely miss the gnoll!
The gnoll is almost dead!
You open the gnoll like a pillowcase! You carve the gnoll like a ham!
The gnoll closely misses you! x2; The gnoll hits you with a +0 club! * * * don't die
* * * The gnoll hits you!!! rip

#.....####...#
#.!...# ..#
#.....# ##
##....# #....#
#..g.# #.Kw.#
#ggg.# #.@..#
#....# ######


You could see a worm, 3 gnolls, a goblin and a kobold.

Vanquished Creatures
  A leopard gecko (D:1)
  2 giant cockroaches
  7 hobgoblins
  3 kobolds (D:1)
  5 bats
  4 frilled lizards (D:1)
  10 goblins (D:1)
  6 rats
38 creatures vanquished.

Notes
Turn   | Place    | Note
-------+----------+-------------------------------------------
     0 | D:1      | namelastname112 the Draconian Wanderer began the quest for
                  | the Orb.
     0 | D:1      | namelastname112 set off with the following items: a +2 hand
                  | axe, a +0 mace, a potion of curing, a ration
     0 | D:1      | Reached XP level 1. HP: 19/19 MP: 1/1
   197 | D:1      | Reached XP level 2. HP: 24/26 MP: 2/2
   679 | D:1      | Reached skill level 1 in Dodging
   704 | D:1      | Reached XP level 3. HP: 33/33 MP: 3/3
   977 | D:2      | Gained mutation: Your magical capacity is low. (-10% MP)
                  | [potion of mutation]
   977 | D:2      | Gained mutation: You are somewhat resistant to further
                  | mutation. [potion of mutation]
   980 | D:2      | Slain by a gnoll

Vault maps used:
D:1:      mrwooster_arrival_statue
D:2:      nemelex_xobeh_ov_fountains_minmay, minmay_tromino_i2, uniq_sigmund,
          uniq_natasha

Skill      XL: |  1  2  3 |
---------------+----------+-----
Dodging        | 1 |  1.1
Axes           | 3 |  3.0
Fighting       | |  3.7
Stealth        | |  1.0
Transmutations | |  2.0
Ice Magic      | |  1.0
Evocations     | |  1.0

Action                   || total
-------------------------++-------
Melee: Hand axe          ||    90
       Tailslap          ||     6
  Use: Potion            ||     3
 Stab: Sleeping          ||     3
Armor: Skin              ||    32
Dodge: Dodged            ||    69

Table legend:
 A = Non-vault XP
 B = Vault XP
 C = Vault XP percentage of total XP
 D = Non-vault monster count
 E = Vault monster count
 F = Vault count percentage of total count
                 A         B        C        D         E       F
            +---------+---------+-------+---------+---------+-------
      Total |      60 |       0 |   0.0 |      38 |       0 |   0.0
            +---------+---------+-------+---------+---------+-------
        D:1 |      52 |       0 |   0.0 |      33 |       0 |   0.0
        D:2 |       8 |       0 |   0.0 |       5 |       0 |   0.0
            +---------+---------+-------+---------+---------+-------
